cohdb
Replays
Latest Replays
All Replays
Popular Replays
Top Player Replays
Match Explorer
How It Works
Community
CoH3 Stats
Reddit
Sign in to upload your games and track your stats! →
Sign in with Steam
Match 43468717
Unlisted
Match 43468717
Overview
Messages
Build Orders
End
Construct Barracks
Scout Squad
Selects Heavy Weapons
Riflemen Squad
Riflemen Squad
Riflemen Squad
Construct Weapon Support Center
Bazooka Squad
M1919 Machine Gun Team
Grenade Package
Mechanized Support Center
Selects Assault Carriers
Selects Exchangeable Parts
M3 Assault Carrier
Construct Medical Station
M3 Assault Carrier
M1919 Machine Gun Team
AI Takeover
HaKun233
^3
0
0
Comments
sign in to comment!
No comments posted yet!